Map: Baie de réparation EC

Players

CanadianZerg

  • Race: Terran Terran
  • League: Platinum
  • Spawn Location: 7:00

zidar - Winner!

  • Race: Zerg Zerg
  • League: Gold
  • Spawn Location: 1:00

VOD

Have the link to the VOD?

Description

Time

  • Played on: Sept. 1, 2017, 11:51 a.m.
  • Length: 17:20
Show
View Real Time Build Order
Export as new Build Order

CanadianZerg Terran 

Build Orders: 1/1/1 

Get SALT Encoding   

  12  0:01  SCV  
  13  0:14  SCV  
  14  0:21  Supply Depot  
  14  0:26  SCV  
  15  0:31  Refinery  
  15  0:43  SCV  
  15  0:45  Barracks  
  16  0:59  Refinery  
  16  1:05  SCV  
  16  1:06  Supply Depot  
  17  1:17  SCV  
  18  1:29  SCV  
  19  1:33  Factory  
  19  1:37  Marine  
  20  1:42  SCV  
  21  2:01  Barracks Reactor  
  21  2:02  Orbital Command  
  21  2:19  Starport  
  21  2:25  Factory Tech Lab  
  21  2:28  SCV  
  22  2:36  Marine  
  23  2:37  Marine  
  23  2:40  SCV  
  25  2:46  Siege Tank  
  28  2:52  SCV  
  28  2:54  Marine, Supply Depot  
  30  2:59  Starport Reactor  
  30  3:02  Marine  
  31  3:15  Marine  
  32  3:20  Marine  
  32  3:21  Supply Depot  
  32  3:23  Siege Tank  
  36  3:33  Marine  
  37  3:38  Medivac  
  37  3:40  Barracks  
  39  3:42  Medivac  
  41  3:58  Marine x2  
  45  4:10  Widow Mine  
  45  4:16  Marine x2  
  47  4:32  Barracks Reactor  
  47  4:56  Bunker  
  47  5:32  Liberator  
  47  5:41  Marine  
  47  5:42  Marine  
  47  5:44  Medivac  
  46  5:53  Widow Mine  
  46  5:55  Command Center  
  46  5:58  Marine  
  46  6:02  Supply Depot  
  47  6:04  Supply Depot  
  47  6:23  Marine x4  
  54  6:25  SCV  
  54  6:27  Supply Depot  
  54  6:28  Supply Depot  
  54  6:31  Widow Mine  
  54  6:38  Viking  
  54  6:39  Supply Depot  
  56  6:41  Marine x4  
  56  6:42  Viking  
  62  6:49  SCV  
  63  7:00  Siege Tank  
  66  7:03  Marine x3  
  69  7:10  Orbital Command  
  69  7:28  Medivac x2  
  69  7:29  Marine x4  
  77  7:44  Refinery  
  77  7:45  Siege Tank  
  77  7:46  Refinery  
  77  7:51  Engineering Bay  
  80  7:53  Engineering Bay  
  80  8:04  SCV  
  81  8:07  SCV  
  82  8:14  Marine x3  
  85  8:20  Armory  
  85  8:21  Terran Infantry Armor Level 1  
  85  8:24  Terran Infantry Weapons Level 1  
  85  8:29  Liberator  
  85  8:31  Siege Tank  
  88  8:44  Marine x3  
  88  8:45  Marine  
  88  8:48  SCV x2  
  96  8:55  Supply Depot  
  97  9:00  SCV x2  
  99  9:12  SCV  
  100  9:17  Supply Depot  
  100  9:34  SCV x2  
  102  9:46  SCV x2  
  104  9:54  Starport  
  104  9:56  Fusion Core  
  104  9:58  SCV  
  105  10:37  Starport  
  77  11:01  Starport Tech Lab  
  77  11:02  Terran Infantry Weapons Level 2, Terran Infantry Armor Level 2  
  77  11:13  Marine  
  77  11:14  Marine x3  
  77  11:15  Medivac  
  77  11:16  Medivac  
  85  11:26  Command Center, Supply Depot  
  85  11:28  Supply Depot  
  85  11:29  Siege Tank  
  85  11:31  Marine x2  
  90  11:50  Supply Depot  
  90  11:51  Supply Depot  
  93  12:01  Siege Tank  
  93  12:03  Marine x3  
  93  12:04  Marine  
  93  12:07  Battlecruiser  
  103  12:10  Starport Tech Lab  
  103  12:11  Weapon Refit  
  103  12:13  Supply Depot  
  103  12:14  Supply Depot  
  103  12:21  Marine x4  
  110  12:39  Marine, Orbital Command  
  111  12:48  Marine x3  
  114  12:57  Marine  
  118  12:58  Battlecruiser  
  118  13:06  Marine  
  118  13:11  Battlecruiser  
  125  13:14  Marine  
  125  13:16  Missile Turret  
  125  13:19  Missile Turret  
  126  13:26  Marine x2  
  128  13:32  Marine  
  129  13:34  Refinery  
  129  13:41  Stimpack  
  129  13:48  Terran Infantry Weapons Level 3  
  129  13:58  Refinery  
  129  14:01  Marine x3  
  136  14:11  Widow Mine x2  
  136  14:24  Command Center  
  136  14:43  Marine x3  
  141  14:46  Hellbat x2  
  143  15:01  Marine x2  
  147  15:07  Hellbat x2  
  147  15:08  Marine  
  147  15:13  Battlecruiser  
  156  15:18  Marine  
  156  15:19  Marine  
  158  15:21  Raven  
  158  15:26  Marine  
  163  15:28  Hellbat x2  
  163  15:34  Barracks  
  165  15:36  Marine x2, Supply Depot  
  165  15:38  Supply Depot  
  167  15:44  Marine  
  172  15:50  Hellbat x2  
  172  15:54  Planetary Fortress  
  172  16:02  Missile Turret  
  172  16:05  Missile Turret  
  172  16:06  Missile Turret  
  81  16:26  Missile Turret  
  81  16:28  Marine x2  
  81  16:29  Marine  
  81  16:30  Hellion x2  
  73  16:47  Sensor Tower  
  70  17:00  SCV x2  
  70  17:01  SCV  
  67  17:05  Missile Turret  
  67  17:08  Refinery  
Show
View Real Time Build Order
Export as new Build Order

zidar Zerg - Winner!

Build Orders: Hatch First, Muta Ling Bane 

Get SALT Encoding   

  12  0:01  Drone  
  13  0:12  Overlord  
  13  0:17  Drone  
  14  0:31  Drone x2  
  14  0:35  Drone  
  17  0:55  Hatchery  
  16  0:57  Drone  
  16  1:00  Extractor  
  16  1:04  Drone  
  17  1:23  Spawning Pool, Drone  
  17  1:33  Drone x2  
  19  1:41  Drone  
  20  2:10  Queen x2  
  20  2:12  Drone  
  20  2:13  Drone x2  
  20  2:15  Drone  
  28  2:21  Metabolic Boost  
  27  2:56  Pneumatized Carapace  
  27  2:59  Drone  
  27  3:02  Overlord x4  
  28  3:26  Zergling x14  
  35  3:29  Lair  
  35  3:34  Extractor  
  34  3:36  Drone x4  
  34  3:39  Queen  
  40  4:02  Baneling Nest  
  39  4:14  Drone  
  39  4:15  Drone x8  
  48  4:23  Spore Crawler  
  47  4:25  Spore Crawler  
  47  4:30  Spore Crawler  
  45  4:31  Spore Crawler  
  44  4:44  Centrifical Hooks  
  44  4:49  Baneling x2  
  44  4:50  Baneling x3  
  42  5:16  Zergling x26  
  42  5:17  Zergling x4  
  42  5:19  Baneling  
  42  5:20  Baneling x3  
  39  5:55  Zergling x2  
  39  5:56  Zergling x12  
  46  5:59  Baneling x6  
  46  6:00  Baneling x2  
  46  6:17  Zergling x2  
  46  6:18  Zergling x6  
  50  6:31  Drone  
  51  6:33  Hatchery  
  51  6:35  Extractor  
  51  6:38  Drone x4  
  51  6:39  Drone  
  54  6:40  Extractor  
  53  6:53  Evolution Chamber  
  52  6:57  Spire  
  52  6:59  Evolution Chamber  
  50  7:03  Drone x4  
  50  7:07  Drone x5  
  59  7:23  Overlord x4  
  59  7:44  Zerg Ground Armor Level 1, Zerg Melee Weapons Level 1  
  59  8:01  Infestation Pit  
  58  8:09  Drone x6  
  58  8:10  Drone  
  65  8:14  Drone x6  
  65  8:17  Queen  
  73  8:40  Drone x3  
  73  8:41  Drone x4  
  80  8:46  Extractor  
  80  8:47  Extractor, Hive  
  78  8:51  Mutalisk  
  78  8:52  Mutalisk x4  
  88  9:28  Overlord x4  
  88  9:46  Zerg Ground Armor Level 2, Zerg Melee Weapons Level 2  
  67  10:47  Zergling x40  
  67  10:48  Zergling x32  
  97  10:51  Hatchery  
  97  10:54  Queen  
  98  11:15  Overlord x2  
  98  11:16  Overlord x2  
  98  11:19  Baneling x11  
  98  11:20  Baneling x7  
  98  11:54  Drone x9  
  107  12:09  Ultralisk Cavern  
  107  12:14  Adrenal Glands  
  106  12:17  Zergling x2  
  106  12:18  Zergling x22  
  118  12:26  Overlord  
  118  12:56  Chitinous Plating  
  118  13:00  Zerg Melee Weapons Level 3, Zerg Ground Armor Level 3  
  118  13:04  Ultralisk  
  124  13:07  Overlord x9  
  124  13:32  Hatchery  
  123  13:37  Ultralisk  
  123  13:38  Ultralisk x3  
  147  13:52  Mutalisk x8  
  147  13:53  Mutalisk x7  
  177  13:57  Baneling x5  
  177  14:02  Extractor  
  177  14:05  Extractor  
  175  14:49  Zergling x2  
  175  14:50  Zergling x28  
  190  14:53  Zergling x2  
  190  14:54  Zergling x8  
  190  14:56  Baneling x11  
  190  14:57  Baneling x11  
  195  15:00  Zergling x8  
  199  15:21  Zerg Flyer Weapons Level 1  
  199  15:42  Hydralisk Den  
  136  16:32  Corruptor x3  
  124  16:33  Corruptor x4  
  124  16:34  Corruptor x4  
  124  16:35  Corruptor x4  
  124  16:36  Corruptor x4  
  124  16:37  Corruptor x2  
  124  16:38  Corruptor  
  148  17:02  Zergling x2  
  148  17:03  Zergling x2  
Tags
 
Add a new tag
Caveats
  • Supply blocks, unpowered buildings, or Contaminate may cause inaccurate times.
  • Supply counts are checked every 10 seconds.